 Dungeon Crawl Stone Soup version 0.23.2-1-ga50397a (webtiles) character file.

Game seed: 9976087170896724638

20834 Borgoz the Protected (level 12, 0/114 HPs)
             Began as a Gargoyle Gladiator on May 25, 2019.
             Was a Believer of Ashenzari.
             Slain by a seven-headed hydra (6 damage)
             ... on level 12 of the Dungeon.
             The game lasted 00:33:15 (15030 turns).

Borgoz the Protected (Gargoyle Gladiator)          Turns: 15030, Time: 00:33:16

Health: 0/114      AC: 40    Str: 30    XL:     12   Next: 83%
Magic:  15/15      EV: 16    Int: 17    God:    Ashenzari [**....]
Gold:   490        SH:  0    Dex: 11    Spells: 11/11 levels left

rFire    . . .     SeeInvis .   a - +2 great sword
rCold    . . .     Gourm    .   (shield currently unavailable)
rNeg     + . .     Faith    .   K - +11 plate armour of Ifilyech {*Drain rElec Int+8 Slay-2}
rPois    ∞         Spirit   .   c - +0 helmet
rElec    +         Reflect  .   H - +0 cloak {MR+}
rCorr    .         Harm     .   G - +1 pair of gloves
MR       +....                  (no boots)
Stlth    ..........             z - amulet of rage
HPRegen  0.29/turn              P - +4 ring of evasion
MPRegen  0.14/turn              k - +2 ring of strength

@: berserking, very quick
A: negative energy resistance 1, electricity resistance, unbreathing,
petrification resistance, rot immunity, AC +8
a: Curse Item, Scrying, Renounce Religion, Evoke Berserk Rage


You were on level 12 of the Dungeon.
You worshipped Ashenzari.
Ashenzari was pleased with you.
You were very hungry.

You visited 2 branches of the dungeon, and saw 13 of its levels.
You also visited: Sewer and Bailey.

You collected 997 gold pieces.
You spent 507 gold pieces at shops.

Inventory:

Hand Weapons
 a - a +2 great sword (weapon)
 b - a +1 short sword of draining
 O - a +6 falchion
Missiles
 d - 4 throwing nets (quivered)
Armour
 c - a +0 helmet (worn)
 G - a +1 pair of gloves (worn)
 H - a +0 cloak of magic resistance (worn)
 I - the +0 pair of gloves of Vehumet's Castigation {rPois}
   (You found it on level 8 of the Dungeon)

   It protects you from poison.
 K - the +11 plate armour of Ifilyech (worn) {*Drain rElec Int+8 Slay-2}
   (You found it in a bailey)

   It affects your intelligence (+8).
   It affects your accuracy and damage with ranged weapons and melee attacks
   (-2).
   It insulates you from electricity.
   It causes draining when unequipped.
 L - a +2 chain mail of fire resistance
Jewellery
 h - an uncursed ring of see invisible
 k - a +2 ring of strength (right hand)
 l - an uncursed ring of flight
 t - an uncursed ring of resist corrosion
 z - an amulet of rage (around neck)
 F - a +4 ring of dexterity
 J - the amulet of Sloth {rF+ Regen+ SInv}
   (You found it on level 10 of the Dungeon)

   [amulet of regeneration]

   It protects you from fire.
   It lets you see invisible.
   It increases your rate of regeneration.
 M - an uncursed ring of magical power
 P - a +4 ring of evasion (left hand)
Wands
 j - a wand of flame (26)
 y - a wand of polymorph (5)
 E - a wand of iceblast (18)
 N - a wand of digging (7)
Scrolls
 e - 2 scrolls of fog {unknown}
 g - 5 scrolls of magic mapping
 i - a scroll of blinking {unknown}
 n - 6 scrolls of remove curse
 o - 3 scrolls of amnesia
 p - 2 scrolls of teleportation {unknown}
 q - 2 scrolls of enchant weapon
 u - a scroll of enchant armour
 v - 2 scrolls of immolation {unknown}
 C - a scroll of vulnerability {unknown}
 R - a scroll of identify
 S - 3 scrolls of silence {unknown}
Potions
 m - 2 potions of heal wounds
 r - 3 potions of might
 s - 2 potions of brilliance
 w - a potion of invisibility {unknown}
 x - 5 potions of curing
 A - 2 potions of magic
 B - 3 potions of ambrosia
 D - a potion of flight
 Q - a potion of cancellation
Comestibles
 f - 28 rations


   Skills:
 + Level 9.0 Fighting
 * Level 10.6 Long Blades
 - Level 1.7 Throwing
 * Level 11.0 Armour
 * Level 9.9 Dodging
 - Level 5.0 Stealth
 - Level 5.0 Evocations


You had 11 spell levels left.
You didn't know any spells.
Your spell library contained the following spells:

 Spells                   Type           Power        Failure   Level  Hunger
 Confusing Touch          Hex            #.....       85%         1    ##.....
 Flame Tongue             Conj/Fire      #....        85%         1    ##.....
 Confuse                  Hex            #.......     99%         3    ####...
 Gell's Gravitas          Tloc           #.........   99%         3    ####...
 Cause Fear               Hex            #.........   100%        4    #####..
 Petrify                  Tmut/Erth      #.......     100%        4    #####..
 Metabolic Englaciation   Hex/Ice        #.........   100%        5    ######.
 Yara's Violent Unravell  Hex/Tmut       #.........   100%        5    ######.
 Bolt of Fire             Conj/Fire      #.........   100%        6    #######
 Dragon Form              Tmut           #.........   100%        7    #######
 Dragon's Call            Summ           #.........   100%        9    #######


Dungeon Overview and Level Annotations

Branches:
Dungeon (12/15)            Temple (1/1) D:4            Lair (0/6) D:8
    Orc (0/2) D:11

Altars:
Ashenzari
Cheibriados
Dithmenos
Elyvilon
Fedhas
Gozag
Hepliaklqana
Kikubaaqudgha
Makhleb
Nemelex Xobeh
Okawaru
Qazlal
Ru
Sif Muna
Trog
Uskayaw
Vehumet
Wu Jian
Xom
Yredelemnul
Zin
The Shining One

Shops:
D:7 [%:   D:8 ?   D:9 *


Innate Abilities, Weirdness & Mutations

You are resistant to torment.
Your stone body is resilient. (AC +8)
You are immune to poison.
You resist negative energy. (rN+)
You are resistant to electric shocks. (rElec)
You can survive without breathing.
You are immune to petrification.
You are immune to rotting.


Message History

The adder barely misses you.
A komodo dragon comes into view.
The komodo dragon hisses angrily.
You slice the red ugly thing!!
You kill the red ugly thing!
Your Armour skill increases to level 11!
The seven-headed hydra closely misses you.
The seven-headed hydra misses you.
The seven-headed hydra bites you but does no damage. x2
The seven-headed hydra misses you.
The seven-headed hydra bites you but does no damage.
The seven-headed hydra bites you.
* * * LOW HITPOINT WARNING * * *
You slice the white ugly thing!!
The white ugly thing is heavily wounded.
You hear a shout!
The seven-headed hydra bites you but does no damage. x4
The seven-headed hydra closely misses you.
The seven-headed hydra misses you. The seven-headed hydra bites you.
You die...

, * #......... #.... ,, ,,,
#......... ,#.... *
+.....'....l.... .#.... ,
,#.....#......... ...... ** +
*#.....#........., ...... * ,
,,#.....#......... ,...... , ,
,#.....#......... ...... , ,
#.....#uS....... ...... *, ,,,
#.....#@D....... ......
########.....#.........,,.#....
#...................... , #....
#...................... #....
#...................... #....
####'###...............,,,#....
#......####################..##
#............... #............
#............... #............


You could see a seven-headed hydra, a white ugly thing, a komodo dragon and an
adder.

Vanquished Creatures
  2 two-headed ogres
  2 unseen horrors (D:10)
  An orc knight (Bailey)
  Pikel (D:4)
  3 ugly things
  2 cyclopes
  A manticore (D:11)
  An elephant (D:8)
  A gargoyle (D:10)
  4 trolls
  Grinder (D:5)
  Prince Ribbit (D:7)
  5 hippogriffs
  The ghost of shugdite the Slicer, an amateur KoBe of Trog (D:3)
  A wraith (D:10)
  Sigmund (D:5)
  2 wyverns
  2 vampires (D:12)
  3 yaks
  Eustachio (D:4)
  3 basilisks
  Menkaure (D:4)
  Edmund (D:5)
  A warg (D:10)
  5 ice beasts
  11 orc warriors
  4 sky beasts
  4 slaves (D:5)
  2 black bears (D:6)
  A necrophage (D:10)
  2 eyes of draining
  7 ogres
  11 centaurs
  4 phantoms
  2 crocodiles
  Blork the orc (D:4)
  5 bullfrogs
  2 big kobolds
  A wyvern zombie (D:9)
  A water moccasin zombie (D:10)
  4 scorpions
  15 wights
  7 killer bees
  A howler monkey (D:10)
  4 centaur zombies
  7 crimson imps
  3 quasits (D:3)
  2 bullfrog zombies
  16 orc priests
  7 hounds
  4 jellies
  23 orc wizards
  5 bullfrog skeletons
  5 centaur skeletons
  5 worker ants
  A killer bee zombie (D:6)
  A hound zombie (D:8)
  2 hound skeletons
  2 worker ant zombies
  5 gnolls
  A howler monkey skeleton (D:4)
  13 adders
  2 shadow imps
  An adder zombie (D:6)
  An ooze (D:1)
  An adder skeleton (D:7)
  5 worms
  2 dart slugs
  7 leopard geckos
  64 orcs
  7 ball pythons
  9 giant cockroaches
  12 goblins
  8 hobgoblins
  16 jackals
  37 kobolds
  6 quokkas
  6 bats
  5 frilled lizards
  A quokka skeleton (D:10)
  8 rats
  2 plants (Sewer)
438 creatures vanquished.

Notes
Turn   | Place    | Note
-------+----------+-------------------------------------------
     0 | D:1      | Borgoz the Gargoyle Gladiator began the quest for the Orb.
     0 | D:1      | Reached XP level 1. HP: 12/12 MP: 1/1
   403 | D:1      | Reached XP level 2. HP: 18/18 MP: 2/2
   467 | D:1      | Reached skill level 1 in Armour
   717 | D:2      | Reached XP level 3. HP: 10/22 MP: 3/3
  1229 | D:2      | Reached XP level 4. HP: 16/27 MP: 4/4
  1418 | D:2      | Found a faded altar of an unknown god.
  1431 | D:2      | Reached skill level 2 in Armour
  2353 | D:3      | Found a transporter.
  2391 | D:3      | Found a transporter.
  2394 | D:3      | Noticed shugdite's ghost (amateur KoBe)
  2408 | D:3      | Reached XP level 5. HP: 30/32 MP: 5/5
  3005 | D:3      | Reached skill level 5 in Armour
  3005 | D:3      | Reached XP level 6. HP: 41/41 MP: 6/6
  3082 | D:4      | Found a glowing drain.
  3089 | D:4      | Reached skill level 6 in Armour
  3096 | Sewer    | Entered a sewer
  3972 | D:4      | Noticed a phantom
  3998 | D:4      | Killed a phantom
  4121 | D:4      | Reached XP level 7. HP: 46/46 MP: 7/7
  4149 | D:4      | Found a staircase to the Ecumenical Temple.
  4188 | Temple   | Entered the Ecumenical Temple
  4248 | Temple   | Became a worshipper of Ashenzari the Shackled
  4427 | D:4      | Noticed Menkaure
  4444 | D:4      | Killed Menkaure
  4444 | D:4      | Reached skill level 1 in Stealth
  5265 | D:5      | Entered Level 5 of the Dungeon
  5265 | D:5      | Noticed Blork the orc
  5274 | D:4      | Killed Blork the orc
  5274 | D:4      | Reached skill level 1 in Evocations
  5321 | D:5      | Noticed Eustachio
  5323 | D:5      | Noticed Sigmund
  5325 | D:5      | Reached XP level 8. HP: 52/52 MP: 8/8
  5360 | D:4      | Killed Eustachio
  5433 | D:5      | Killed Sigmund
  5437 | D:5      | Noticed Pikel
  5823 | D:4      | Killed Pikel
  5823 | D:4      | Reached XP level 9. HP: 56/56 MP: 10/10
  5933 | D:5      | Reached skill level 7 in Armour
  6032 | D:5      | Found a burning altar of Makhleb.
  6133 | D:5      | Noticed Edmund
  6151 | D:5      | Killed Edmund
  6321 | D:5      | Noticed Grinder
  6323 | D:5      | Paralysed by Grinder for 6 turns
  6339 | D:5      | Killed Grinder
  6787 | D:6      | Found an opulent altar of Gozag.
  6977 | D:6      | Found a hazy altar of Hepliaklqana.
  6978 | D:6      | Found a glowing silver altar of Zin.
  6978 | D:6      | Found a glowing golden altar of the Shining One.
  7269 | D:6      | Found an ancient bone altar of Kikubaaqudgha.
  7269 | D:6      | Found a burning altar of Makhleb.
  7328 | D:7      | Noticed Prince Ribbit
  7331 | D:7      | Found Uvetien's Book Emporium.
  7399 | D:7      | Reached XP level 10. HP: 26/61 MP: 11/11
  7614 | D:7      | Found a shimmering altar of Xom.
  7620 | D:7      | Reached * piety under Ashenzari
  8108 | D:7      | Reached skill level 8 in Armour
  8660 | D:7      | Found Orghy's Antique Armour Shoppe.
  8672 | D:7      | Bought a pair of embroidered gloves for 157 gold pieces
  8677 | D:7      | Bought an embroidered cloak for 157 gold pieces
  8692 | D:7      | Found Jafecu's Food Shoppe.
  8724 | D:7      | Killed Prince Ribbit
  9307 | D:3      | Killed shugdite's ghost
  9460 | D:8      | Got the uncursed pair of gloves of Vehumet's Castigation
                  | {rPois}
  9472 | D:8      | Identified the +0 pair of gloves of Vehumet's Castigation
                  | {rPois} (You found it on level 8 of the Dungeon)
  9541 | D:8      | Found a flagged portal.
  9628 | Bailey   | Entered a bailey
  9871 | Bailey   | Got the uncursed plate armour of Ifilyech {*Drain rElec
                  | Int+8 Slay-2}
  9993 | Bailey   | Noticed an orc knight
 10014 | Bailey   | Killed an orc knight
 10132 | D:8      | Reached XP level 11. HP: 65/67 MP: 13/13
 10271 | D:8      | Found a staircase to the Lair.
 10275 | D:8      | Found Gumefieb's Magic Scroll Shoppe.
 10387 | D:8      | Bought a scroll of identify for 20 gold pieces
 10387 | D:8      | Bought a scroll of identify for 20 gold pieces
 10387 | D:8      | Identified the +11 plate armour of Ifilyech {*Drain rElec
                  | Int+8 Slay-2} (You found it in a bailey)
 11227 | D:9      | Reached skill level 9 in Armour
 11302 | D:9      | Found a snail-covered altar of Cheibriados.
 11303 | D:9      | Found a bloodstained altar of Trog.
 11365 | D:9      | Reached skill level 5 in Stealth
 11527 | D:9      | Found a stormy altar of Qazlal.
 11688 | D:9      | Found Entikot's Assorted Antiques.
 11742 | D:9      | Bought a shiny steel ring for 130 gold pieces
 11742 | D:9      | Bought a grey potion for 23 gold pieces
 12219 | D:10     | Entered Level 10 of the Dungeon
 12219 | D:10     | Identified the amulet of Sloth {rF+ Regen+ SInv}
 12315 | D:10     | Reached ** piety under Ashenzari
 12646 | D:10     | Noticed an unseen horror
 12676 | D:10     | Killed an unseen horror
 12837 | D:10     | Noticed a two-headed ogre
 12868 | D:10     | Killed a two-headed ogre
 12902 | D:10     | Noticed an unseen horror
 12922 | D:10     | Killed an unseen horror
 12922 | D:10     | Reached XP level 12. HP: 68/74 MP: 15/15
 13218 | D:11     | Reached skill level 10 in Armour
 13271 | D:11     | Reached skill level 10 in Long Blades
 13946 | D:11     | Found a staircase to the Orcish Mines.
 14060 | D:11     | Noticed an ogre mage
 14061 | D:11     | Noticed a two-headed ogre
 14061 | D:11     | Noticed a two-headed ogre
 14061 | D:11     | Noticed a two-headed ogre
 14061 | D:11     | Noticed a two-headed ogre
 14062 | D:11     | Noticed a two-headed ogre
 14444 | D:12     | Noticed a two-headed ogre
 14464 | D:12     | Killed a two-headed ogre
 14464 | D:12     | Reached skill level 5 in Evocations
 15015 | D:12     | Noticed a seven-headed hydra
 15029 | D:12     | Reached skill level 11 in Armour
 15030 | D:12     | Slain by a seven-headed hydra

Skill      XL: |  1  2  3  4  5  6  7  8  9 10 11 12 |
---------------+-------------------------------------+-----
Armour         | 1 2 5 6 7 8 9 11 | 11.0
Long Blades    | 3 7 8 9 10 | 10.6
Dodging        | 3 6 7 8 9 |  9.9
Fighting       | 6 7 8 9 |  9.0
Stealth        | 1 2 3 4 5 |  5.0
Evocations     | 1 2 3 4 5 |  5.0
Throwing       | |  1.7

Action                   |  1- 3 |  4- 6 |  7- 9 | 10-12 || total
-------------------------+-------+-------+-------+-------++-------
Melee: Long sword        |   107 |   269 |   358 |   421 ||  1155
       Falchion          |       |       |       |   752 ||   752
       Great sword       |       |       |       |    80 ||    80
Throw: Throwing net      |     1 |       |     3 |       ||     4
 Abil: Evoke Berserk Rag |       |       |     8 |     9 ||    17
Evoke: Wand              |       |       |       |     1 ||     1
  Use: Scroll            |     2 |     2 |    12 |     4 ||    20
       Potion            |       |     1 |     3 |     6 ||    10
 Stab: Sleeping          |     2 |       |       |     1 ||     3
  Eat: Chunk             |     1 |    10 |    19 |    31 ||    61
       Ration            |       |       |       |     1 ||     1
Armor: Leather armour    |    57 |    17 |       |       ||    74
       Scale mail        |       |    79 |   103 |   182 ||   364
       Skin              |       |       |     8 |       ||     8
       Plate armour      |       |       |   174 |   623 ||   797
       Chain mail        |       |       |       |    41 ||    41
Dodge: Dodged            |    94 |   153 |   263 |  1123 ||  1633
Block: Shield            |       |       |       |    20 ||    20
       Rpst.: Long sword |    23 |    52 |    75 |    97 ||   247
       Falchion          |       |       |       |   202 ||   202
       Great sword       |       |       |       |    15 ||    15
